 Dungeon Crawl Stone Soup version 0.22-a0-447-gee5f723 (webtiles) character file.

37 Sergey the Ruffian (level 3, -1/28 HPs)
             Began as a Minotaur Transmuter on June 3, 2018.
             Was an Initiate of Okawaru.
             Slain by a slave (10 damage)
             ... led by Pikel
             ... on level 4 of the Dungeon.
             The game lasted 00:04:16 (464 turns).

Sergey the Ruffian (Minotaur Transmuter)             Turns: 464, Time: 00:04:17

Health: -1/28      AC:  2    Str: 14    XL:     3   Next: 21%
Magic:  4/4        EV: 12    Int: 11    God:    Okawaru [......]
Gold:   52         SH:  0    Dex: 10    Spells: 1/4 levels left

rFire    . . .     SeeInvis .     - Unarmed
rCold    . . .     Gourm    .   (no shield)
rNeg     . . .     Faith    .   b - +0 robe
rPois    .         Spirit   .   (helmet restricted)
rElec    .         Reflect  .   (no cloak)
rCorr    .         Harm     .   (no gloves)
MR       .....                  (no boots)
Stlth    +.........             (no amulet)
HPRegen  0.09/turn              (no ring)
MPRegen  0.09/turn              (no ring)

@: no status effects
A: retaliatory headbutt, horns 2
a: Renounce Religion


You were on level 4 of the Dungeon.
You worshipped Okawaru.
Okawaru was noncommittal.
You were not hungry.

You visited 1 branch of the dungeon, and saw 4 of its levels.

You collected 52 gold pieces.

Inventory:

Missiles
 a - 12 arrows
Armour
 b - a +0 robe (worn)
Jewellery
 h - an uncursed ring of protection from fire {unknown}
Scrolls
 g - a scroll of amnesia
 i - a scroll of random uselessness
Potions
 e - a potion of heal wounds {@q1}
 f - a potion of mutation {unknown}
 k - a potion of curing {unknown}
Comestibles
 d - 3 rations


   Skills:
 - Level 1.2 Fighting
 - Level 2.1 Dodging
 * Level 4.8 Unarmed Combat
 - Level 1.3 Spellcasting
 - Level 1.5 Transmutations
 + Level 0.0 Invocations


You had one spell level left.
You knew the following spells:

 Your Spells              Type           Power        Failure   Level  Hunger
a - Beastly Appendage     Tmut           #.....       17%         1    ##.....
b - Sticks to Snakes      Tmut           #.......     26%         2    ###....

Your spell library contained the following spells:

 Spells                   Type           Power        Failure   Level  Hunger
 Spider Form              Tmut/Pois      #.........   56%         3    ####...
 Blade Hands              Tmut           #.........   99%         5    ######.
 Ice Form                 Ice/Tmut       #.......     92%         4    #####..


Dungeon Overview and Level Annotations

Branches:
Dungeon (4/15)
 Temple: D:4-7

Altars:
Hepliaklqana
Nemelex Xobeh
Okawaru

Annotations:
D:2 exclusion: upstairs
D:4 Pikel


Innate Abilities, Weirdness & Mutations

You reflexively headbutt those who attack you in melee.
You have a pair of horns on your head.


Message History

Found a chain mail and a spear.
A slave comes into view.
The slave shouts!
A slave comes into view.
Found a pair of boots. 2 slaves and Pikel come into view.
Pikel is wielding a whip of flaming.
Pikel shouts!
The slave shouts! x2
Found a silvery potion.
The slave shouts!
The slave hits you!
Found a ration.
The slave hits you.
* * * LOW HITPOINT WARNING * * *
You hear the slow hiss of an avalanche of sand nearby.
All of the chunks of flesh in your inventory have rotted away.
Found a scroll of identify.
Found a stone staircase leading down.
You see here a ration.
d - 3 rations (gained 1)
The slave hits you!
You die...

#..##.....# ###..##...#
##..#..#* ###...# ******* ##..#
*,,,,,* ######.#### **,,,,,**
#.........## ****,,,∩,,,*
*#..........######**,,,,,,,,,,*
#......[...ppK.p@#,,,,,,,,,,,,*
#...........p###........,,,,*,*
#............# ###......,,,,,,*
##..........## *......,,,,***
###........# **,....>,,,,*
###..!...# *,,?....,,,,*
#.#...## *,,,....,,,,* #.###.#
*,,,....,,,,* *** ***
*************


You could see Pikel and 4 slaves.

Vanquished Creatures
  A worker ant (D:4)
  4 bats (D:1)
  A goblin (D:1)
  3 hobgoblins
  A kobold (D:1)
10 creatures vanquished.

Notes
Turn   | Place    | Note
-------+----------+-------------------------------------------
     0 | D:1      | Sergey the Minotaur Transmuter began the quest for the Orb.
     0 | D:1      | Reached XP level 1. HP: 16/16 MP: 1/1
    87 | D:2      | Reached XP level 2. HP: 19/23 MP: 0/3
   108 | D:1      | Reached skill level 4 in Unarmed Combat
   143 | D:2      | Found a hazy altar of Hepliaklqana.
   209 | D:3      | Found a sparkling altar of Nemelex Xobeh.
   240 | D:3      | Learned a level 2 spell: Sticks to Snakes
   258 | D:4      | Reached XP level 3. HP: 11/28 MP: 0/4
   397 | D:4      | Found an iron altar of Okawaru.
   411 | D:4      | Became a worshipper of Warmaster Okawaru
   453 | D:4      | Noticed a slave
   453 | D:4      | Noticed a slave
   454 | D:4      | Noticed Pikel
   454 | D:4      | Noticed a slave
   454 | D:4      | Noticed a slave
   464 | D:4      | Slain by a slave

Vault maps used:
D:1:      evilmike_arrival_sounds_zot, minmay_octomino_c4
D:2:      grunt_temple_overflow_order_and_chaos_2, old_standard_altar,
          serial_glass, glass_columns_b, glass_columns_a,
          minmay_strange_pillars, first_ration
D:3:      nemelex_altar_shiori, uniq_sigmund
D:4:      lemuel_round_altar, kennysheep_little_box, kennysheep_mini_moat,
          kennysheep_mini, enter_ossuary_1, uniq_pikel

Skill      XL: |  1  2 |
---------------+-------+-----
Unarmed Combat | 4 |  4.8
Fighting       | |  1.2
Dodging        | |  2.1
Spellcasting   | |  1.3
Transmutations | |  1.5

Action                   || total
-------------------------++-------
Melee: Unarmed           ||    28
       Headbutt          ||     1
 Cast: Beastly Appendage ||     2
  Use: Potion            ||     2
       Scroll            ||     4
Armor: Robe              ||     9
       Skin              ||     4
Dodge: Dodged            ||    29

Table legend:
 A = Spawn XP
 B = Non-spawn XP
 C = Spawn XP percentage of total XP
 D = Spawn monster count
 E = Non-spawn monster count
 F = Spawn count percentage of total count
 G = Total turns spent on level
                    A         B        C        D         E        F      G
               +---------+---------+-------+---------+---------+-------+---------
         Total |       0 |      53 |   0.0 |       0 |      10 |   0.0 |   464
               +---------+---------+-------+---------+---------+-------+---------
           D:1 |       0 |      12 |   0.0 |       0 |       7 |   0.0 |   104
           D:2 |       0 |       4 |   0.0 |       0 |       2 |   0.0 |    67
           D:4 |       0 |      37 |   0.0 |       0 |       1 |   0.0 |   223
               +---------+---------+-------+---------+---------+-------+---------
